 Dungeon Sprint DCSS version 0.30-a0-799-g109b55a442 (webtiles) character file.

Game seed: 194096855376534382

18797 rocky1 the Eclecticist (level 12, -1/112 HPs)
             Began as a Purple Draconian Air Elementalist on Feb 16, 2023.
             Was an Initiate of Gozag.
             Slain by an ice dragon (7 damage)
             ... in the Dungeon (Sprint IX: "|||||||||||||||||||||||||||||") on Feb 21, 2023.
             The game lasted 00:15:00 (3237 turns).

rocky1 the Eclecticist (DrAE)                       Turns: 3237, Time: 00:15:00

Health: -1/112     AC: 21    Str: 12    XL:     12   Next: 30%
Magic:  31/31      EV: 17    Int: 23    God:    Gozag
Gold:   468        SH:  0    Dex: 11    Spells: 35/41 levels left

rFire   . . .      SeeInvis .    j - +2 scimitar (flame)
rCold   . . .      Faith    .    (no shield)
rNeg    . . .      Spirit   .    (body armour unavailable)
rPois   .          Reflect  .    e - +2 hat {Int+3}
rElec   .          Harm     .    z - +2 cloak
rCorr   .          Rampage  .    O - +2 pair of gloves
Will    +....      NoTele   +    k - +2 pair of boots
Stlth   ++                       G - amulet of magic regeneration
HPRegen 0.38/turn                m - +2 ring of protection
MPRegen 0.62/turn                p - ring of wizardry

@: hasted, very quick
A: breathe power, AC +8, unfitting armour, cold-blooded
a: Breathe Dispelling Energy, Renounce Religion, Potion Petition, Call Merchant,
Bribe Branch


You were in the Dungeon.
You worshipped Gozag.
Gozag was aware of your devotion.
You visited 1 branch You collected 7645 gold pieces.
You spent 5027 gold pieces at shops.
You paid 2150 gold pieces to Gozag.

Inventory:

Hand Weapons
 g - a +0 club
 j - a +2 scimitar of flaming (weapon)
Armour
 e - a +2 hat of intelligence (worn)
 k - a +2 pair of boots (worn)
 z - a +2 cloak (worn)
 O - a +2 pair of gloves (worn)
Jewellery
 m - a +2 ring of protection (left hand)
 p - a ring of wizardry (right hand)
 E - the ring "Pigem" {rC+ SInv}
   (You bought it in a shop in the Dungeon)

   [ring of protection from cold]

   rC:        It protects you from cold.
   SInv:      It lets you see invisible.
 F - a ring of magical power
 G - an amulet of magic regeneration (around neck)
 H - a ring of poison resistance
 I - the ring "Ceublouc" {*Corrode rElec rN++ MP+9 Str+4}
   (You bought it in a shop in the Dungeon)

   [ring of magical power]

   Str:       It affects your strength (+4).
   rElec:     It insulates you from electricity.
   rN:        It greatly protects you from negative energy.
   MP:        It affects your magic capacity (+9).
   *Corrode:  It may corrode you when you take damage.
Wands
 i - a wand of iceblast (8)
 y - a wand of digging (4)
 J - a wand of polymorph (4)
 K - a wand of mindburst (8)
Scrolls
 f - 5 scrolls of blinking
 h - 2 scrolls of amnesia
 r - a scroll of identify
 s - 4 scrolls of fog
 t - 3 scrolls of enchant armour
 x - 2 scrolls of enchant weapon
 A - 2 scrolls of butterflies
Potions
 a - 3 potions of magic
 b - 6 potions of curing
 c - a potion of invisibility
 d - 4 potions of brilliance
 o - 2 potions of berserk rage
 v - a potion of might
 B - a potion of attraction
 C - a potion of mutation
 D - a potion of haste
Miscellaneous
 q - a phantom mirror
 u - a tin of tremorstones (inert)
 w - a condenser vane (inert)


   Skills:
 + Level 12.3 Fighting
 + Level 9.4 Long Blades
 + Level 13.0 Dodging
 - Level 2.0 Stealth
 + Level 15.4 Spellcasting
 + Level 14.0 Conjurations
 + Level 14.5 Air Magic
 + Level 9.2 Evocations


You had 35 spell levels left.
You knew the following spells:

 Your Spells              Type           Power      Damage    Failure   Level
a - Shock                 Conj/Air       100%       1d9       0%          1
b - Static Discharge      Conj/Air       100%       2-7/arc   0%          2
c - Swiftness             Air            71%        N/A       1%          3

Your spell library contained the following spells:

 Spells                   Type           Power      Damage    Failure   Level
 Airstrike                Air            35%        2d(6-22)  1%          4


Dungeon Overview and Level Annotations

Branches:
Dungeon (1/1)

Altars:
Cheibriados
Dithmenos
Elyvilon
Fedhas
Gozag
Hepliaklqana
Kikubaaqudgha
Makhleb
Nemelex Xobeh
Okawaru
Qazlal
Ru
Sif Muna
Trog
Uskayaw
Vehumet
Wu Jian
Xom
Yredelemnul
Zin
The Shining One
Jiyva
Lugonu

Shops:
D *?!===*


Innate Abilities, Weirdness & Mutations

You can breathe bolts of dispelling energy.
Your rich purple scales are hard. (AC +8)
You cannot fit into any form of body armour.
You are cold-blooded and may be slowed by cold attacks.


Message History

The burst of rock shards engulfs the tengu reaver!
The burst of rock shards engulfs the ice dragon!
The burst of rock shards engulfs the tengu reaver!
The burst of rock shards engulfs the tengu reaver.
The tin is emptied!
You hear a horrible gurgling sound!
The ice dragon bites you!
* * * LOW HITPOINT WARNING * * *
The ice dragon claws you!
* * * LOW HITPOINT WARNING * * *
The ice dragon barely misses you.
You feel much better. The ice dragon bites you.
* * * LOW HITPOINT WARNING * * *
The ice dragon misses you. x2
A lich comes into view.
You feel yourself speed up. The ice dragon misses you.
The ice dragon barely misses you. The ice dragon misses you.
You closely miss the ice dragon.
You tail-slap the ice dragon, but do no damage.
The ice dragon is almost dead.
You hit the ice dragon but do no damage.
The ice dragon is almost dead.
The ice dragon bites you!
* * * LOW HITPOINT WARNING * * *
The ice dragon claws you but does no damage.
The ice dragon barely misses you.
You hit the ice dragon but do no damage.
You tail-slap the ice dragon, but do no damage.
The ice dragon is almost dead.
The lich is engulfed in freezing vapours.
The ice dragon breathes frost at you. The blast of cold hits you!!
* * * LOW HITPOINT WARNING * * *
You hit the ice dragon but do no damage.
The ice dragon is almost dead.
You closely miss the ice dragon.
The ice dragon is almost dead.
The ice dragon closely misses you. The ice dragon claws you!
You die...
Your body crumbles into a pile of gold.

..∩...'.........'............'...
▓▓▓▓▓▓▓▓▓▓▓▓▓▓▓▓▓▓▓▓▓▓▓▓▓▓▓▓▓▓▓▓▓
.................................
▓▓▓▓▓▓▓▓▓▓▓▓▓▓▓▓▓▓▓▓▓▓▓▓▓▓▓▓▓▓▓▓▓
..)))))))......).).))∩.∩.∩.∩.)[..
▓▓▓▓▓▓▓▓▓▓▓▓▓▓▓▓▓▓▓▓▓▓▓▓▓▓▓▓▓▓▓▓▓
..............................)..
▓▓▓▓▓▓▓▓▓▓▓▓▓▓▓▓▓▓▓▓▓▓▓▓▓▓▓▓▓▓▓▓▓
.[[[[[[.......=.@DQ$$L○G.,,,,,,,,
▓▓▓▓▓▓▓▓▓▓▓▓▓▓▓▓▓▓▓▓▓▓▓▓▓********
,,,,,,,,,,,,,,,,,,,,,,,,,,,,,,,,,
*********************************
+,,,,,,,,,+,~~~,,~~~+,,,,,,,,,+,,
*********************************
,,,,,,,,,,,,,,,,,,,,,,,,,,,,,,,,,
*********************************
,,,,,,,,,,,+,,,,,,,,,,,,,,,,,,,,,


You could see an ice dragon (catching breath), a tengu reaver, a lich and a
glowing orange brain.

Vanquished Creatures
  Gastronok (D)
  A hydra (D)
  A boulder beetle (D)
  2 centaur warriors (D)
  A two-headed ogre (D)
  An orc high priest (D)
  A deep troll shaman (D)
  A skeletal warrior (D)
  A deep elf pyromancer (D)
  2 orc knights (D)
  9 orc sorcerers (D)
  An ugly thing (D)
  A cyclops (D)
  An elephant (D)
  5 cane toads (D)
  Psyche (D)
  3 komodo dragons (D)
  A kobold demonologist (D)
  An unseen horror (D)
  A troll (D)
  2 blink frogs (D)
  A wyvern (D)
  3 wraiths (D)
  4 yaks (D)
  2 basilisks (D)
  2 wargs (D)
  2 water moccasins (D)
  8 orc warriors (D)
  A boggart (D)
  7 wolves (D)
  A kobold brigand (D)
  A scorpion (D)
  A jelly (D)
  3 orc priests (D)
  A hound (D)
  11 orc wizards (D)
  An adder (D)
  5 orcs (D)
  A bat (D)
  An endoplasm (D)
  A hobgoblin (D)
  A quokka (D)
  A kobold (D)
97 creatures vanquished.

Notes
Turn   | Place    | Note
-------+----------+-------------------------------------------
     0 | D        | rocky1 the Draconian Air Elementalist began the quest for
                  | the Orb.
     0 | D        | Reached XP level 1. HP: 14/14 MP: 3/3
   166 | D        | Noticed a jelly
   166 | D        | Noticed a hound
   166 | D        | Noticed a scorpion
   170 | D        | Reached XP level 2. HP: 8/20 MP: 0/5
   181 | D        | Reached skill level 3 in Spellcasting
   181 | D        | Reached XP level 3. HP: 22/26 MP: 1/8
   188 | D        | Reached skill level 4 in Spellcasting
   188 | D        | Reached skill level 5 in Air Magic
   188 | D        | Reached XP level 4. HP: 16/33 MP: 1/10
   190 | D        | Killed a scorpion
   248 | D        | Found a snail-covered altar of Cheibriados.
   248 | D        | Found a shadowy altar of Dithmenos.
   248 | D        | Found a white marble altar of Elyvilon.
   248 | D        | Found a blossoming altar of Fedhas.
   248 | D        | Found an opulent altar of Gozag.
   249 | D        | Found a hazy altar of Hepliaklqana.
   250 | D        | Found a viscous altar of Jiyva.
   251 | D        | Found an ancient bone altar of Kikubaaqudgha.
   252 | D        | Found a corrupted altar of Lugonu.
   253 | D        | Found a burning altar of Makhleb.
   254 | D        | Found a sparkling altar of Nemelex Xobeh.
   255 | D        | Found an iron altar of Okawaru.
   258 | D        | Became a worshipper of Gozag Ym Sagoz the Greedy
   259 | D        | Found a stormy altar of Qazlal.
   260 | D        | Found a sacrificial altar of Ru.
   261 | D        | Found a shimmering blue altar of Sif Muna.
   262 | D        | Found a bloodstained altar of Trog.
   263 | D        | Found a hide-covered altar of Uskayaw.
   264 | D        | Found a radiant altar of Vehumet.
   265 | D        | Found an ornate altar of the Wu Jian Council.
   266 | D        | Found a shimmering altar of Xom.
   267 | D        | Found a basalt altar of Yredelemnul.
   268 | D        | Found a glowing silver altar of Zin.
   269 | D        | Found a glowing golden altar of the Shining One.
   279 | D        | Learned a level 2 spell: Static Discharge
   283 | D        | Learned a level 3 spell: Swiftness
   317 | D        | Noticed a wraith
   317 | D        | Noticed a wraith
   317 | D        | Noticed a kobold brigand
   317 | D        | Noticed a yak
   317 | D        | Noticed a yak
   317 | D        | Noticed a yak
   328 | D        | Killed a wraith
   328 | D        | Killed a kobold brigand
   329 | D        | Reached skill level 6 in Spellcasting
   329 | D        | Reached XP level 5. HP: 26/38 MP: 2/13
   329 | D        | Reached XP level 6. HP: 31/45 MP: 2/15
   329 | D        | Killed a yak
   330 | D        | Reached skill level 7 in Spellcasting
   335 | D        | Killed a yak
   336 | D        | Your scales start taking on a rich purple colour.
   336 | D        | Reached skill level 9 in Spellcasting
   336 | D        | Reached XP level 7. HP: 25/50 MP: 17/19
   336 | D        | Killed a wraith
   336 | D        | Killed a yak
   414 | D        | Noticed a troll
   414 | D        | Noticed a two-headed ogre
   414 | D        | Noticed a kobold demonologist
   414 | D        | Noticed a wraith
   414 | D        | Noticed a centaur warrior
   424 | D        | Killed a troll
   425 | D        | Reached skill level 10 in Spellcasting
   425 | D        | Reached XP level 8. HP: 38/61 MP: 13/22
   425 | D        | Noticed a sun demon
   425 | D        | Killed a two-headed ogre
   426 | D        | Reached skill level 10 in Air Magic
   426 | D        | Killed a kobold demonologist
   427 | D        | Reached skill level 5 in Fighting
   427 | D        | Reached skill level 11 in Spellcasting
   427 | D        | Reached XP level 9. HP: 41/74 MP: 12/24
   428 | D        | Reached skill level 10 in Conjurations
   428 | D        | Killed a centaur warrior
   445 | D        | Killed an unseen horror
   446 | D        | Reached skill level 10 in Dodging
   769 | D        | Upgraded the game from 0.30-a0-778-g2ef04afb54 to
                  | 0.30-a0-799-g109b55a442
   769 | D        | Noticed a komodo dragon
   769 | D        | Noticed a cane toad
   769 | D        | Noticed a cane toad
   778 | D        | Reached skill level 12 in Spellcasting
   779 | D        | Reached skill level 1 in Long Blades
   782 | D        | Killed a cane toad
   782 | D        | Killed a cane toad
   784 | D        | Reached XP level 10. HP: 88/88 MP: 12/26
   887 | D        | Bought a tin of tremorstones (2/2) for 560 gold pieces
   887 | D        | Bought a scroll of blinking for 105 gold pieces
   887 | D        | Bought a potion of might for 56 gold pieces
   887 | D        | Bought a condenser vane for 560 gold pieces
   890 | D        | Noticed a cane toad
   890 | D        | Noticed a cane toad
   890 | D        | Noticed an elephant
   892 | D        | Noticed a five-headed hydra
   897 | D        | Killed a cane toad
   898 | D        | Reached skill level 1 in Evocations
   898 | D        | Noticed a cane toad
  1106 | D        | Killed a cane toad
  1106 | D        | Killed a cane toad
  1107 | D        | Reached skill level 13 in Spellcasting
  1108 | D        | Reached skill level 5 in Long Blades
  1108 | D        | Killed an elephant
  1108 | D        | Killed a five-headed hydra
  1370 | D        | Reached XP level 11. HP: 86/99 MP: 18/28
  1525 | D        | Noticed an orc sorcerer
  1540 | D        | Reached skill level 5 in Evocations
  1542 | D        | Killed an orc sorcerer
  1737 | D        | Noticed an orc high priest
  1737 | D        | Noticed an orc knight
  1740 | D        | Reached skill level 10 in Fighting
  1741 | D        | Killed an orc high priest
  1746 | D        | Killed an orc knight
  1747 | D        | Reached skill level 14 in Spellcasting
  1770 | D        | Noticed an orc sorcerer
  1775 | D        | Noticed an orc knight
  1778 | D        | Killed an orc sorcerer
  1797 | D        | Killed an orc knight
  2269 | D        | Found Exkawn's Magic Scroll Emporium.
  2269 | D        | Noticed an orc sorcerer
  2269 | D        | Noticed an orc sorcerer
  2269 | D        | Noticed an orc sorcerer
  2272 | D        | Noticed an orc sorcerer
  2279 | D        | Killed an orc sorcerer
  2283 | D        | Killed an orc sorcerer
  2283 | D        | Killed an orc sorcerer
  2289 | D        | Killed an orc sorcerer
  2315 | D        | Noticed an orc sorcerer
  2321 | D        | Noticed a sixfirhy
  2321 | D        | Killed an orc sorcerer
  2390 | D        | Found Jyppe's Distillery.
  2394 | D        | Found Jodeimne's Jewellery Emporium.
  2398 | D        | Found Qeusixu's Jewellery Shoppe.
  2400 | D        | Noticed an orc sorcerer
  2401 | D        | Noticed an orc sorcerer
  2406 | D        | Noticed a soul eater
  2408 | D        | Killed an orc sorcerer
  2409 | D        | Noticed a soul eater
  2409 | D        | Killed an orc sorcerer
  2486 | D        | Bought a scroll of magic mapping for 97 gold pieces
  2486 | D        | Bought a scroll of fog for 52 gold pieces
  2486 | D        | Bought a scroll of enchant armour for 97 gold pieces
  2486 | D        | Bought a scroll of butterflies for 52 gold pieces
  2486 | D        | Bought a scroll of butterflies for 52 gold pieces
  2589 | D        | Bought a potion of heal wounds for 55 gold pieces
  2589 | D        | Bought a potion of brilliance for 44 gold pieces
  2589 | D        | Bought a potion of attraction for 33 gold pieces
  2589 | D        | Bought a potion of curing for 33 gold pieces
  2589 | D        | Bought a potion of mutation for 88 gold pieces
  2589 | D        | Bought a potion of heal wounds for 55 gold pieces
  2589 | D        | Bought a potion of haste for 110 gold pieces
  2591 | D        | Bought the ring "Pigem" {rC+ SInv} for 434 gold pieces
  2591 | D        | Bought a ring of magical power for 240 gold pieces
  2593 | D        | Bought an amulet of magic regeneration for 420 gold pieces
  2593 | D        | Bought a ring of poison resistance for 280 gold pieces
  2710 | D        | Bought the ring "Ceublouc" {*Corrode rElec rN++ MP+9 Str+4}
                  | for 662 gold pieces
  2713 | D        | Bought a scroll of enchant armour for 307 gold pieces
  2713 | D        | Bought a worn lead wand for 164 gold pieces
  2713 | D        | Bought a scroll of enchant weapon for 307 gold pieces
  2713 | D        | Bought an encrusted silver wand for 164 gold pieces
  2726 | D        | Noticed Psyche
  2742 | D        | Killed Psyche
  2950 | D        | Noticed Gastronok
  2973 | D        | Killed Gastronok
  3176 | D        | Noticed a centaur warrior
  3176 | D        | Noticed a skeletal warrior
  3176 | D        | Noticed a brown ugly thing
  3176 | D        | Noticed a boulder beetle
  3176 | D        | Noticed a deep elf pyromancer
  3179 | D        | Killed a brown ugly thing
  3179 | D        | Killed a centaur warrior
  3180 | D        | Reached skill level 15 in Spellcasting
  3180 | D        | Reached XP level 12. HP: 101/112 MP: 29/31
  3191 | D        | Killed a boulder beetle
  3203 | D        | Noticed a deep troll shaman
  3209 | D        | Noticed an ice dragon
  3216 | D        | Noticed a tengu reaver
  3219 | D        | Killed a deep troll shaman
  3232 | D        | Noticed a lich
  3235 | D        | HP: 5/112 [ice dragon/blast of cold (18)]
  3237 | D        | Slain by an ice dragon

Illustrated notes

Levels and vault maps discovered:
D:        linesprint [early_d, line_temple, items_1, d_10, items_2, lair_1,
          lair_end, items_3, orc_1, orc_end, items_4, d_15, swamp_1, shoals_1,
          snake_1, spider_1, d_20, vaults_1, items_5, swamp_end, shoals_end,
          snake_end, spider_end, vaults_end, d_27, items_6, zot_1, zot_end,
          crypt_end, forest_end, elf_end, slime_end, tomb_end, abyss_end,
          pan_hell_end]

Skill      XL: |  1  2  3  4  5  6  7  8  9 10 11 12 |
---------------+-------------------------------------+-----
Dodging        | 2 3 6 7 8 9 10 11 12 13 | 13.0
Stealth        | 2 |  2.0
Air Magic      | 4 5 7 8 9 10 11 12 14 | 14.5
Conjurations   | 3 6 7 8 9 11 12 13 14 | 14.0
Spellcasting   | 3 4 6 9 10 11 12 13 15 | 15.4
Fighting       | 2 5 7 9 11 12 | 12.3
Long Blades    | 2 6 8 9 |  9.4
Evocations     | 4 8 9 |  9.2

Action                     |  1- 3 |  4- 6 |  7- 9 | 10-12 || total
---------------------------+-------+-------+-------+-------++-------
  Melee: Unarmed           |    12 |       |       |       ||    12
         Tailslap          |     3 |     1 |       |    22 ||    26
         Club              |    14 |       |       |       ||    14
         Scimitar          |       |     1 |     9 |   108 ||   118
   Cast: Shock             |     5 |    16 |    30 |   114 ||   165
         Static Discharge  |       |       |       |     1 ||     1
 Invoke: Call Merchant     |       |       |       |     3 ||     3
Ability: Breathe Dispellin |       |       |     2 |     3 ||     5
  Evoke: Condenser vane    |       |       |       |     7 ||     7
         Tin of tremorston |       |       |       |     6 ||     6
         Wand              |       |       |       |     2 ||     2
    Use: Potion            |     2 |     3 |     3 |     8 ||    16
         Scroll            |       |       |       |     6 ||     6
   Stab: Distracted        |       |       |       |     1 ||     1
 Armour: Skin              |    15 |     4 |    18 |    48 ||    85
  Dodge: Dodged            |    16 |    14 |    17 |    87 ||   134

Table legend: (Time is in decaauts)
 A = Elapsed time spent in this place.
 B = Non-inter-level travel time spent in this place.
 C = Inter-level travel time spent in this place.
 D = Time resting spent in this place.
 E = Time spent auto-exploring this place.
 F = Levels seen in this place.
 G = Mean time per level.
                   A        B        C        D        E       F      G
               +--------+--------+--------+--------+--------+-----+--------+
         Total |   3248 |   3248 |      0 |   2179 |      0 |   1 | 3248.0 |
       Dungeon |   3248 |   3248 |      0 |   2179 |      0 |   1 | 3248.0 |
               +--------+--------+--------+--------+--------+-----+--------+

Top non-repeatable levels by time:
       D: 3248 daAuts
